 Dungeon Crawl Stone Soup version 0.29.1-4-g47bece8355 (webtiles) character file.

Game seed: 12992493177769359740

7058 kingsuperguy the Fighter (level 10, -14/141 HPs)
             Began as a Minotaur Berserker on Dec 7, 2022.
             Was a High Priest of Trog.
             Demolished by a boulder beetle (19 damage)
             ... on level 10 of the Dungeon.
             The game lasted 00:13:10 (11134 turns).

kingsuperguy the Fighter (Minotaur Berserker)      Turns: 11134, Time: 00:13:11

Health: -14/141    AC: 21    Str: 25    XL:     10   Next: 83%
Magic:  9/9        EV: 12    Int:  4    God:    Trog [*****.]
Gold:   351        SH:  0    Dex: 11    Spells: 9/9 levels left

rFire   . . .      SeeInvis .   I - +5 flail (vorpal)
rCold   . . .      Faith    .   (no shield)
rNeg    . . .      Spirit   .   J - +0 chain mail
rPois   +          Reflect  .   (helmet restricted)
rElec   .          Harm     .   K - +0 cloak
rCorr   .          Rampage  .   x - +1 pair of gloves
Will    .....                   M - +0 pair of boots
Stlth   ..........              (no amulet)
HPRegen 0.33/turn               p - +4 ring of protection
MPRegen 0.11/turn               o - ring of poison resistance

@: berserking, very quick
A: horns 2, retaliatory headbutt
a: Renounce Religion, Berserk, Trog's Hand, Brothers in Arms


You were on level 10 of the Dungeon.
You worshipped Trog.
Trog was extremely pleased with you.
You visited 1 branch of the dungeon, and saw 10 of its levels.
You also visited: Ossuary.

You collected 471 gold pieces.
You spent 120 gold pieces at shops.

Inventory:

Hand Weapons
 a - a +0 hand axe
 I - a +5 vorpal flail (weapon)
 L - a +1 mace of protection
 Y - a +2 flail of venom
Missiles
 q - 3 throwing nets (quivered)
 O - 3 atropa-tipped darts
Armour
 b - a +0 animal skin
 g - a +0 leather armour
 n - an orb of energy
 x - a +1 pair of gloves (worn)
 C - a +0 ring mail
 J - a +0 chain mail (worn)
 K - a +0 cloak (worn)
 M - a +0 pair of boots (worn)
 X - the +1 leather armour of the Shoals {rPois}
   (You found it on level 9 of the Dungeon)

   rPois:     It protects you from poison.
Jewellery
 l - a ring of ice
 o - a ring of poison resistance (right hand)
 p - a +4 ring of protection (left hand)
 P - an amulet of the acrobat
 S - a ring of resist corrosion
Wands
 w - a wand of flame (32)
 y - a wand of charming (20)
 F - a wand of roots (14)
 H - a wand of acid (6)
Scrolls
 c - a scroll of magic mapping {unknown}
 d - 3 scrolls of vulnerability
 f - 3 scrolls of amnesia
 h - 6 scrolls of immolation
 j - a scroll of enchant armour
 t - a scroll of blinking
 u - a scroll of fear
 v - 9 scrolls of teleportation
 B - a scroll of poison
 E - a scroll of silence
 N - 3 scrolls of butterflies
 R - 3 scrolls of enchant weapon
 V - a scroll of torment
Potions
 e - 2 potions of mutation {unknown}
 i - 2 potions of magic {unknown}
 k - a potion of haste {unknown}
 m - 8 potions of curing
 r - 2 potions of ambrosia {unknown}
 s - 7 potions of degeneration {unknown}
 z - 2 potions of cancellation {unknown}
 A - 2 potions of resistance {unknown}
 D - a potion of invisibility {unknown}
 G - 5 potions of might
 Q - 4 potions of heal wounds {unknown}
 T - a potion of attraction
 U - 3 potions of brilliance {unknown}
 W - a potion of flight {unknown}
 Z - a potion of lignification


   Skills:
 + Level 10.7 Fighting
 - Level 6.3(8.4) Axes
 + Level 8.4(9.4) Maces & Flails
 + Level 10.3 Armour
 + Level 9.5 Dodging


You had 9 spell levels left.
You didn't know any spells.
Your spell library was empty.

Dungeon Overview and Level Annotations

Branches:
Dungeon (10/15)            Temple (0/1) D:6         Ossuary (visited)
   Lair: D:8-11         Orc: D:9-12

Altars:
Ashenzari
Cheibriados
Okawaru
Ru
Uskayaw
Vehumet
Yredelemnul

Shops:
D:8 !


Innate Abilities, Weirdness & Mutations

You have a pair of horns on your head.
You reflexively headbutt those who attack you in melee.


Message History

You hit the boulder beetle but do no damage.
The boulder beetle is heavily wounded.
The boulder beetle bites you but does no damage.
You hit the boulder beetle but do no damage.
You headbutt the boulder beetle, but do no damage.
You punch the boulder beetle, but do no damage.
The boulder beetle is heavily wounded.
The boulder beetle bites you but does no damage.
You hit the boulder beetle.
The boulder beetle is heavily wounded.
The boulder beetle bites you!
You hit the boulder beetle. You headbutt the boulder beetle.
The boulder beetle is severely wounded.
The boulder beetle bites you but does no damage.
You hit the boulder beetle but do no damage.
Your headbutt misses the boulder beetle.
The boulder beetle is severely wounded.
The boulder beetle closely misses you.
You hit the boulder beetle but do no damage.
You headbutt the boulder beetle, but do no damage.
The boulder beetle is severely wounded.
The boulder beetle leaps!
You see here a potion of attraction.
The boulder beetle curls into a ball and begins rolling!
You see here a human corpse.
The boulder beetle hits you!!!
* * * LOW HITPOINT WARNING * * *
The boulder beetle stops rolling and uncurls.
You are too injured to fight recklessly!
You are too injured to fight recklessly!
You are too injured to fight recklessly!
A red film seems to cover your vision as you go berserk!
You feel yourself moving faster!
You feel mighty! The boulder beetle bites you!
* * * LOW HITPOINT WARNING * * *
You sock the boulder beetle!
You headbutt the boulder beetle, but do no damage.
You punch the boulder beetle!
The boulder beetle is almost dead.
The boulder beetle bites you!!
You die...

##..### #.......###..........
##..## ##...#######...).).###
#.### #...## #......### # ..##
#..### ##....### ...## ##....###
#.....# #...# ##..##...# #....##
##..## #..###...###...## ##..##
##..# #.B.##[...# #...###...#
#.@.#....## ##...#...##
#.†.#....# #####......#
#...#....# ..###.....##
#.!.#....## ..........#
#...#.....####
..........#####...###......######
###...........#...# #..........#.
###.............# #.........###
## ##.....######### #.......###


You could see a boulder beetle.

Vanquished Creatures
  A two-headed ogre (D:10)
  A slime creature (D:8)
  Joseph (D:8)
  Maggie (D:9)
  Psyche (D:9)
  A komodo dragon (D:10)
  2 trolls (D:10)
  4 yaks (D:8)
  2 wyverns
  2 vampire mosquitoes (D:10)
  Menkaure (D:7)
  Edmund (D:5)
  2 water moccasins (D:6)
  2 sky beasts
  2 orc warriors (D:9)
  A black bear (D:6)
  A centaur (D:5)
  2 phantoms
  2 kobold brigands
  2 necrophages
  4 scorpions
  3 water moccasin zombies (Ossuary)
  3 wights (D:6)
  6 killer bees (D:9)
  2 howler monkeys
  A lava snake (D:7)
  2 orc priests
  A jelly (D:7)
  4 hounds
  3 iguanas
  Ijyb (D:5)
  11 orc wizards
  2 mummies (Ossuary)
  Robin (D:2)
  6 gnolls
  9 adders
  A white imp (D:6)
  6 adder zombies (Ossuary)
  3 worms
  3 dart slugs
  26 orcs
  12 ball pythons
  9 endoplasms
  3 giant cockroaches
  17 goblins
  10 hobgoblins
  6 jackals
  17 kobolds
  4 quokkas
  5 bats
  5 frilled lizards
  6 gnoll zombies (Ossuary)
  4 hobgoblin zombies (Ossuary)
  7 kobold zombies (Ossuary)
  4 orc zombies (Ossuary)
  8 rats
  A spectral hobgoblin (D:1)
248 creatures vanquished.

Notes
Turn   | Place    | Note
-------+----------+-------------------------------------------
     0 | D:1      | kingsuperguy the Minotaur Berserker began the quest for the
                  | Orb.
     0 | D:1      | Reached XP level 1. HP: 19/19 MP: 0/0
   182 | D:1      | Reached XP level 2. HP: 27/27 MP: 1/1
   671 | D:1      | Found a faded altar of an unknown god.
   794 | D:1      | Reached ** piety under Trog
  1013 | D:1      | Reached XP level 3. HP: 30/33 MP: 2/2
  1656 | D:2      | Reached XP level 4. HP: 40/40 MP: 3/3
  1968 | D:2      | Noticed Robin
  1976 | D:2      | Reached *** piety under Trog
  1990 | D:2      | Killed Robin
  2123 | D:2      | Reached XP level 5. HP: 47/47 MP: 4/4
  2600 | D:3      | Found a broken altar of Ashenzari.
  2604 | D:3      | Saw a vision of the Swamp and the Spider Nest.
  2604 | D:3      | Noticed a vampire mosquito
  2604 | D:3      | Noticed a goliath frog
  2604 | D:3      | Noticed an alligator
  2604 | D:3      | Noticed a spriggan druid
  2604 | D:3      | Noticed a jumping spider
  2604 | D:3      | Noticed a pharaoh ant
  2604 | D:3      | Noticed an orb spider
  2604 | D:3      | Noticed a tarantella
  2604 | D:3      | Noticed a boulder beetle
  2604 | D:3      | Noticed a tarantella
  2604 | D:3      | Noticed a jumping spider
  2604 | D:3      | Noticed a radroach
  2604 | D:3      | Noticed a jumping spider
  2604 | D:3      | Noticed a demonic crawler
  2605 | D:3      | Noticed a tarantella
  2605 | D:3      | Noticed a demonic crawler
  2605 | D:3      | Noticed a demonic crawler
  2605 | D:3      | Noticed a bog body
  2606 | D:3      | Noticed a tarantella
  2606 | D:3      | Noticed a jumping spider
  2607 | D:3      | Noticed a demonic crawler
  2608 | D:3      | Noticed a demonic crawler
  2609 | D:3      | Noticed an entropy weaver
  2651 | D:3      | Reached skill level 5 in Fighting
  2984 | D:3      | Found a radiant altar of Vehumet.
  3043 | D:3      | You fall into a shaft and drop 1 floor!
  3053 | D:4      | Reached skill level 5 in Axes
  3053 | D:4      | Reached XP level 6. HP: 56/56 MP: 5/5
  3302 | D:1      | You fall into a shaft and drop 1 floor!
  3318 | D:2      | You fall into a shaft and drop 2 floors!
  3947 | D:3      | Found a snail-covered altar of Cheibriados.
  4551 | D:5      | Entered Level 5 of the Dungeon
  4688 | D:5      | Reached skill level 5 in Armour
  4688 | D:5      | Reached XP level 7. HP: 53/62 MP: 6/6
  4836 | D:5      | Found a sacrificial altar of Ru.
  5016 | D:5      | Found a basalt altar of Yredelemnul.
  5016 | D:5      | Found an iron altar of Okawaru.
  5117 | D:5      | Noticed Ijyb
  5138 | D:5      | Killed Ijyb
  5328 | D:5      | Found a hide-covered altar of Uskayaw.
  5482 | D:5      | Reached skill level 5 in Dodging
  5567 | D:5      | Noticed Edmund
  5582 | D:5      | Killed Edmund
  6073 | D:6      | Reached skill level 1 in Maces & Flails
  6078 | D:6      | Reached XP level 8. HP: 71/71 MP: 7/7
  6524 | D:6      | Found a staircase to the Ecumenical Temple.
  6937 | D:7      | Noticed Menkaure
  6946 | D:7      | Killed Menkaure
  7002 | D:7      | Reached **** piety under Trog
  7010 | D:7      | Found a sand-covered staircase.
  7046 | Ossuary  | Entered an ossuary
  7230 | Ossuary  | Reached XP level 9. HP: 79/81 MP: 8/8
  7668 | D:8      | Reached skill level 5 in Maces & Flails
  7822 | D:8      | Killed a very large slime creature
  8224 | D:8      | Noticed Joseph
  8234 | D:8      | Killed Joseph
  8522 | D:8      | Reached XP level 10. HP: 41/91 MP: 9/9
  8979 | D:8      | Found Idevirgh's Distillery.
  8986 | D:8      | Bought a potion of might for 48 gold pieces
  8986 | D:8      | Bought a potion of curing for 36 gold pieces
  8986 | D:8      | Bought a potion of lignification for 36 gold pieces
  9062 | D:9      | Noticed Psyche
  9073 | D:9      | Killed Psyche
  9155 | D:9      | Reached ***** piety under Trog
  9337 | D:9      | Noticed Maggie
  9386 | D:9      | Killed Maggie
  9387 | D:9      | Reached skill level 10 in Fighting
  9807 | D:9      | Identified the +1 leather armour of the Shoals {rPois}
 10106 | D:10     | Entered Level 10 of the Dungeon
 10377 | D:10     | Noticed a two-headed ogre
 10388 | D:10     | Killed a two-headed ogre
 10389 | D:10     | Reached skill level 10 in Armour
 11109 | D:10     | Noticed a boulder beetle
 11133 | D:10     | HP: 5/141 [boulder beetle (9)]
 11134 | D:10     | Demolished by a boulder beetle

Illustrated notes

Levels and vault maps discovered:
D:1:      minmay_arrival_four_loops, layout_basic,
          dreamdust_ecumenical_altar_drowned_temple, hangedman_decor_push
D:2:      layout_loops_ring, minmay_vboxes, uniq_robin
D:3:      layout_loops_ring, marbit_many_paths, grunt_ashenzari_visionary
          [grunt_ashenzari_visionary_swamp, grunt_ashenzari_visionary_spider],
          vehumet_altar_wand_db, chequers_mini_garden, fountainhead,
          chequers_serial_rivers_marsh, dk_noncrumbling_2
D:4:      layout_basic, regret_index_temple_of_mockery, uniq_duvessa
D:5:      layout_loops_corners, nicolae_uskayaw_murder_on_the_dancefloor,
          chequers_temple_overflow_statue_of_worship, hangedman_ru_absence,
          kennysheep_generic_room_14, uniq_edmund, uniq_ijyb
D:6:      layout_loops_ring, minmay_temple_entry_trees, minmay_crystal_water
D:7:      layout_rooms, enter_ossuary_1, kennysheep_path_1, uniq_menkaure
D:8:      layout_basic, serial_shops, nicolae_stop_n_shop_1, uniq_joseph
D:9:      layout_rooms, uniq_maggie, uniq_psyche
D:10:     layout_layer_cave, lemuel_blue_sif_altar, serial_bayou_pond_d,
          nzn_sisyphean_effort

Skill      XL: |  1  2  3  4  5  6  7  8  9 10 |
---------------+-------------------------------+-----
Axes           | 4 5 6 |  6.3
Fighting       | 4 5 6 8 9 10 | 10.7
Armour         | 3 4 5 6 7 9 10 | 10.3
Dodging        | 3 4 5 6 8 9 |  9.5
Maces & Flails | 1 4 6 8 |  8.4

Action                   |  1- 3 |  4- 6 |  7- 9 | 10-12 || total
-------------------------+-------+-------+-------+-------++-------
Melee: Hand axe          |    76 |   192 |    57 |       ||   325
       Headbutt          |     8 |    33 |    53 |    33 ||   127
       Punch             |     2 |     5 |     6 |     4 ||    17
       Flail             |       |       |   225 |   151 ||   376
Throw: Throwing net      |       |       |     1 |       ||     1
Invok: Berserk           |       |       |     3 |     1 ||     4
  Use: Scroll            |       |       |       |    12 ||    12
       Potion            |       |       |       |     3 ||     3
 Stab: Held in net/web   |       |       |     1 |       ||     1
Armor: Animal skin       |     8 |       |       |       ||     8
       Leather armour    |     3 |    58 |       |       ||    61
       Ring mail         |       |     4 |    25 |       ||    29
       Chain mail        |       |       |   130 |   107 ||   237
       Skin              |       |       |       |    11 ||    11
Dodge: Dodged            |    46 |   115 |   129 |    99 ||   389
